 Dungeon Crawl Stone Soup version 0.27.1-4-g1640c2035a (webtiles) character file.

Game seed: 10570307066715366960

501 McKennaii the Magician (level 7, -7/49 HPs)
             Began as a Djinni Air Elementalist on Nov 18, 2021.
             Mangled by a gnoll (8 damage)
             ... while paralysed by Ijyb
             ... on level 4 of the Dungeon.
             The game lasted 00:04:52 (4807 turns).

McKennaii the Magician (Djinni Air Elementalist)    Turns: 4807, Time: 00:04:53

Health: -7/49      AC:  2    Str:  7    XL:     7   Next: 40%
Gold:   234        EV:  2    Int: 19    God:
                   SH:  0    Dex: 13

rFire    + + +     SeeInvis .   j - staff of air
rCold    . . .     Faith    .   (no shield)
rNeg     . . .     Spirit   .   a - +0 robe
rPois    ∞         Reflect  .   (no helmet)
rElec    +         Harm     .   i - scarf {rC+ rF+}
rCorr    .         Rampage  .   (no gloves)
Will     .....                  (boots unavailable)
Stlth    ++........             (no amulet)
HPRegen  0.16/turn              (no ring)
MPRegen  0.00/turn              (no ring)

@: paralysed, flying
A: sickness immunity, fire resistance 2, cold vulnerability 1, float, innate
caster, hp casting, extra vitality 1
a: no special abilities


You were on level 4 of the Dungeon.
You visited 1 branch of the dungeon, and saw 4 of its levels.
You also visited: Ossuary.

You collected 234 gold pieces.

Inventory:

Armour
 a - a +0 robe (worn)
 i - a scarf of resistance (worn)
Magical Staves
 j - a staff of air (weapon)
Scrolls
 b - 6 scrolls of teleportation {unknown}
 c - 3 scrolls of identify {unknown}
 d - a scroll of immolation {unknown}
 e - a scroll of acquirement {unknown}
 f - a scroll of magic mapping {unknown}
 g - 2 scrolls of amnesia {unknown}
 k - 2 scrolls of vulnerability {unknown}
 l - a scroll of summoning {unknown}
 m - a scroll of enchant armour {unknown}
 q - a scroll of brand weapon {unknown}
 u - 2 scrolls of torment {unknown}
 w - a scroll of fear {unknown}
Potions
 h - a potion of cancellation {unknown}
 n - a potion of magic {unknown}
 o - a potion of berserk rage {unknown}
 p - a potion of heal wounds {unknown}
 r - a potion of curing {unknown}
 s - a potion of ambrosia {unknown}
 t - 2 potions of flight {unknown}
 v - a potion of lignification {unknown}


   Skills:
 * Level 2.0 Fighting
 * Level 3.3 Dodging
 + Level 2.1 Stealth
 * Level 5.4 Spellcasting


You couldn't memorise any spells.
You knew the following spells:

 Your Spells              Type           Power      Damage    Failure   Level
a - Shock                 Conj/Air       100%       1d9       1%          1
b - Static Discharge      Conj/Air       38%        N/A       1%          2
c - Swiftness             Air            38%        N/A       3%          3
d - Airstrike             Air            19%        N/A       13%         4
e - Pain                  Necr           100%       1d9       1%          1
f - Passwall              Tmut/Erth      20%        N/A       1%          2
g - Dazzling Flash        Conj/Hex       50%        N/A       3%          3
Your spell library was empty.

Dungeon Overview and Level Annotations

Branches:
Dungeon (4/15)            Ossuary (visited)
 Temple: D:4-7

Altars:
The Shining One

Shops:
D:2 *

Annotations:
D:4 Ijyb


Innate Abilities, Weirdness & Mutations

You are immune to sickness and miasma.
You are immune to poison.
Your flesh is very heat resistant. (rF++)
You are vulnerable to cold. (rC-)
You float through the air rather than walking.
You learn spells naturally, not from books.
Your magical power is your life essence.
You have superior vitality. (+4 HP)


Message History

Things that are here:
a +0 flail; a gnoll corpse You are too injured to fight recklessly!
Casting: Shock (safe; 1% risk of failure)
Confirm with . or Enter, or press ? or * to list all spells.
Aiming: Shock (safe; 1% risk of failure)
Press: ? - help, Shift-Dir - straight line, f/p - gnoll
Aim: a gnoll, wielding a +0 whip (severely wounded, 77% to hit)
You feel a surge of power!
The zap hits the gnoll.
You kill the gnoll!
The zap hits Ijyb but does no damage.
The zap hits the gnoll.
The gnoll is moderately wounded.
The zap hits the gnoll.
The gnoll is heavily wounded.
* * * LOW HITPOINT WARNING * * *
Your Fighting skill increases to level 2!
Unknown command.
Casting: Shock (safe; 1% risk of failure)
Confirm with . or Enter, or press ? or * to list all spells.
Aiming: Shock (safe; 1% risk of failure)
Press: ? - help, Shift-Dir - straight line, f - Ijyb
Aim: Ijyb, wielding a +0 dagger, wearing a +0 scale mail and carrying a wand of paralysis (2) (71% to hit)
You feel a surge of power!
The zap hits Ijyb.
Ijyb is lightly wounded.
The zap hits the gnoll!
The gnoll is almost dead.
The zap hits the gnoll.
The gnoll is heavily wounded.
* * * LOW HITPOINT WARNING * * *
Ijyb zaps a wand.
You suddenly lose the ability to move!
Ijyb hits you with a +0 dagger.
* * * LOW HITPOINT WARNING * * *
The gnoll hits you but does no damage. Ijyb hits you with a +0 dagger.
* * * LOW HITPOINT WARNING * * *
The gnoll hits you from afar with a +0 spear.
* * * LOW HITPOINT WARNING * * *
Ijyb hits you but does no damage.
The gnoll hits you from afar with a +0 spear!
You die...

#######.#
........#
........#
........# #.# #g#
#g# #g# #@#
#########.# #.#
........#.# #.#
.######.#.######.#
........#.##.....#
#.#.#...#.##.#####
#.#.....#.##.#
#.#..#..#.##.####
#.......#.##....##


You could see Ijyb and 2 gnolls.

Vanquished Creatures
  Sigmund (D:2)
  A scorpion (D:3)
  An iguana (D:4)
  Natasha (thrice) (D:3)
  2 mummies (Ossuary)
  4 adders
  2 gnolls (D:4)
  A white imp (D:3)
  3 adder zombies (Ossuary)
  A dart slug (D:1)
  An orc (D:3)
  6 endoplasms
  2 giant cockroaches
  6 goblins
  6 hobgoblins
  7 kobolds
  3 quokkas (D:1)
  6 ball pythons
  3 bats
  4 frilled lizards
  A goblin zombie (Ossuary)
  9 hobgoblin zombies (Ossuary)
  A jackal zombie (Ossuary)
  8 kobold zombies (Ossuary)
  14 orc zombies (Ossuary)
  7 rats
  A rat zombie (Ossuary)
104 creatures vanquished.

Notes
Turn   | Place    | Note
-------+----------+-------------------------------------------
     0 | D:1      | McKennaii the Djinni Air Elementalist began the quest for
                  | the Orb.
     0 | D:1      | Reached XP level 1. HP: 15/15 MP: 0/0
   106 | D:1      | Reached XP level 2. HP: 14/21 MP: 0/0
   620 | D:1      | Reached skill level 3 in Spellcasting
   753 | D:1      | Reached XP level 3. HP: 24/25 MP: 0/0
   753 | D:1      | Learned a level 1 spell: Pain
  1653 | D:2      | Found Zairumu's General Store.
  1938 | D:2      | Reached XP level 4. HP: 13/31 MP: 0/0
  2127 | D:2      | Noticed Sigmund
  2146 | D:2      | Killed Sigmund
  2147 | D:2      | Reached skill level 1 in Fighting
  2147 | D:2      | Reached skill level 4 in Spellcasting
  2147 | D:2      | Reached XP level 5. HP: 23/37 MP: 0/0
  2147 | D:2      | Learned a level 2 spell: Passwall
  2147 | D:2      | Reached XP level 6. HP: 26/42 MP: 0/0
  2410 | D:2      | Found a faded altar of an unknown god.
  3140 | D:3      | Noticed Natasha
  3144 | D:3      | Killed Natasha
  3297 | D:3      | Noticed Natasha
  3305 | D:3      | Killed Natasha
  3489 | D:3      | Noticed Natasha
  3494 | D:3      | Killed Natasha
  3495 | D:3      | Reached skill level 5 in Spellcasting
  3495 | D:3      | Reached XP level 7. HP: 44/48 MP: 0/0
  3495 | D:3      | Learned a level 3 spell: Dazzling Flash
  3994 | D:4      | Found a sand-covered staircase.
  4036 | Ossuary  | Entered an ossuary
  4638 | D:4      | Found a glowing golden altar of the Shining One.
  4789 | D:4      | Noticed Ijyb
  4795 | D:4      | Paralysed by Ijyb for 4 turns
  4804 | D:4      | Paralysed by Ijyb for 6 turns
  4806 | D:4      | HP: 1/49 [gnoll (5)]
  4807 | D:4      | Mangled by a gnoll

Illustrated notes

Levels and vault maps discovered:
D:1:      arrival_zaba_pyramid, layout_loops_ring, minmay_tall_x
D:2:      layout_basic, chequers_ecumenical_altar_grove, serial_shops, shop,
          uniq_sigmund
D:3:      layout_basic, uniq_natasha
D:4:      layout_basic, nzn_hepliaklqana_mist_gate, amcnicky_altar_gilded,
          nicolae_ossuary_entry_plus, item_on_display_a, uniq_ijyb

Skill      XL: |  1  2  3  4  5  6  7 |
---------------+----------------------+-----
Spellcasting   | 3 4 5 |  5.4
Fighting       | 1 2 |  2.0
Dodging        | 3 |  3.3
Stealth        | 2 |  2.1

Action                   |  1- 3 |  4- 6 |  7- 9 || total
-------------------------+-------+-------+-------++-------
 Cast: Shock             |    50 |    52 |    89 ||   191
       Pain              |    18 |       |       ||    18
Armor: Robe              |     1 |       |     3 ||     4
Dodge: Dodged            |     3 |     2 |    10 ||    15
